Match 46878200
Unlisted

Match 46878200
End
Construct Barracks
1⁄4-ton 4x4 Truck
Selects Armored Battlegroup
Selects Veteran Crews
Riflemen Squad
Engineer Squad
Construct Weapon Support Center
Bazooka Squad
Infantry Support Center
Riflemen Squad
Selects Fast Deploy
M3 Armored Personnel Carrier
Grenade Package
Selects M31 Recovery Vehicle
Construct Motor Pool
Selects War Machine
M24 Chaffee Light Tank
M24 Chaffee Light Tank
M31 Recovery Vehicle
Bazooka Squad
Bazooka Squad
Selects Seek and Destroy
Advanced Logistics
CommieKillerz
Scherzando
Nostalgia
Mastermarius
水银灯
Rolling9Deep
OKW 1st Guards Motor
霜星QAQ
0
0

Comments sign in to comment!

No comments posted yet!